 Dungeon Crawl Stone Soup version 0.22-a0-880-gb7b0c8b (webtiles) character file.

18152 rgaf the Envoy of Void (level 12, -2/85 HPs)
             Began as a Formicid Abyssal Knight on July 30, 2018.
             Was a High Priest of Lugonu.
             Slain by a five-headed hydra (3 damage)
             ... on level 9 of the Dungeon.
             The game lasted 00:24:05 (19719 turns).

rgaf the Envoy of Void (Formicid Abyssal Knight)   Turns: 19719, Time: 00:24:06

Health: -2/85      AC: 22    Str: 23    XL:     12   Next: 91%
Magic:  0/22       EV:  9    Int: 11    God:    Lugonu [*****.]
Gold:   850        SH:  0    Dex: 17    Spells: 11/11 levels left

rFire    + . .     SeeInvis +   k - +1 great mace
rCold    . . .     Gourm    .   (no shield)
rNeg     . . .     Faith    .   b - +2 chain mail of Dim Light {+Inv rPois Int-2 Dex+7}
rPois    +         Spirit   +   (helmet unavailable)
rElec    .         Reflect  .   v - +0 cloak {rF+}
rCorr    .         Harm     .   u - +1 pair of gloves
MR       +....                  (no boots)
Stlth    ..........             D - amulet of guardian spirit
HPRegen  0.24/turn              E - +3 ring of protection
MPRegen  0.18/turn              (no ring)

@: no status effects
A: permanent stasis, dig shafts and tunnels, four strong arms, antennae 3,
rugged brown scales 1, blurry vision 1, strong 1
a: Dig, Shaft Self, Depart the Abyss, Bend Space, Banish, Corrupt, Enter the
Abyss, Renounce Religion, Evoke Invisibility


You were on level 9 of the Dungeon.
You worshipped Lugonu.
Lugonu was extremely pleased with you.
You were not hungry.

You visited 2 branches of the dungeon, and saw 13 of its levels.
You visited the Abyss 1 time.
You also visited: Volcano.

You collected 934 gold pieces.
You spent 84 gold pieces at shops.

Inventory:

Hand Weapons
 a - a +1 mace
 k - a +1 great mace (weapon)
 o - a +2 mace of draining
Armour
 b - the +2 chain mail of Dim Light (worn) {+Inv rPois Int-2 Dex+7}
   (You found it on level 11 of the Dungeon)

   It affects your intelligence (-2).
   It affects your dexterity (+7).
   It protects you from poison.
   It lets you turn invisible.
 i - a +0 pair of gloves
 q - a +0 chain mail
 u - a +1 pair of gloves (worn)
 v - a +0 cloak of fire resistance (worn)
 w - a +1 chain mail of fire resistance
 A - a +0 plate armour
 C - a +1 cloak
Jewellery
 B - an uncursed ring of fire {unknown}
 D - an amulet of guardian spirit (around neck)
 E - a +3 ring of protection (left hand)
 I - an uncursed ring of wizardry
 J - an uncursed amulet of magic regeneration {unknown}
Wands
 s - a wand of random effects (17)
 F - a wand of paralysis (14)
 H - a wand of disintegration (12)
Scrolls
 f - a scroll of fog
 g - 5 scrolls of amnesia
 l - a scroll of magic mapping
 n - a scroll of identify
 p - 4 scrolls of remove curse
 r - 3 scrolls of noise
 x - 3 scrolls of enchant weapon
 y - 2 scrolls of blinking
Potions
 d - 4 potions of flight
 e - a potion of agility
 h - 3 potions of curing
 j - a potion of haste
 m - a potion of brilliance
 t - a potion of mutation
 z - a potion of cancellation
Comestibles
 c - 17 rations


   Skills:
 + Level 3.7 Fighting
 + Level 11.7 Maces & Flails
 - Level 12.6 Armour
 + Level 1.5 Dodging
 + Level 13.7 Invocations


You had 11 spell levels left.
You didn't know any spells.
Your spell library contained the following spells:

 Spells                   Type           Power        Failure   Level  Hunger
 Magic Dart               Conj           #...         87%         1    ##.....
 Lightning Bolt           Conj/Air       #.........   100%        5    ######.
 Confuse                  Hex            #.......     99%         3    ####...
 Iskenderun's Mystic Bla  Conj           #.......     100%        4    #####..
 Shock                    Conj/Air       #...         87%         1    ##.....
 Swiftness                Chrm/Air       #.......     95%         2    ###....
 Airstrike                Air            #.........   100%        4    #####..
 Confusing Touch          Hex            #.....       87%         1    ##.....
 Metabolic Englaciation   Hex/Ice        #.........   100%        5    ######.
 Static Discharge         Conj/Air       #.......     99%         3    ####...
 Petrify                  Tmut/Erth      #.......     100%        4    #####..
 Fulminant Prism          Conj/Hex       #.........   100%        4    #####..
 Dazzling Spray           Conj/Hex       #.....       99%         3    ####...
 Force Lance              Conj/Tloc      #.......     100%        4    #####..
 Searing Ray              Conj           #.....       95%         2    ###....
 Gell's Gravitas          Tloc           #.........   99%         3    ####...
 Yara's Violent Unravell  Hex/Tmut       #.........   100%        5    ######.


Dungeon Overview and Level Annotations

Branches:
Dungeon (11/15)            Temple (0/1) D:5            Lair (2/6) D:9
    Orc (0/2) D:9
  Swamp: Lair:2-4    Shoals: Lair:2-4     Snake: Lair:2-4    Spider: Lair:2-4

Altars:
Ashenzari
Cheibriados
Dithmenos
Elyvilon
Gozag
Kikubaaqudgha
Okawaru
Qazlal
Ru
Sif Muna
Trog
Wu Jian
Yredelemnul
Zin
The Shining One

Shops:
D:5 ?   D:9 (   D:10 *

Annotations:
D:3 1 runed door, Smoke131's ghost, amateur DrCj


Innate Abilities, Weirdness & Mutations

You cannot be hasted, slowed, berserked, paralysed or teleported.
You can dig through walls and to a lower floor.
Your four strong arms can wield two-handed weapons with a shield.
You have a pair of large antennae on your head. (SInv)
You are partially covered in rugged brown scales. (AC +1, +3% HP)
Scrolls take you a little longer to read.
Your muscles are strong. (Str +2)


Message History

The five-headed hydra bites you but does no damage. x2
You hit the five-headed hydra but do no damage.
The five-headed hydra is almost dead.
The five-headed hydra bites you.
* * * LOW HITPOINT WARNING * * *
The five-headed hydra bites you but does no damage.
The five-headed hydra barely misses you.
The five-headed hydra bites you but does no damage.
The five-headed hydra bites you.
* * * LOW HITPOINT WARNING * * *
You barely miss the five-headed hydra.
The five-headed hydra is almost dead.
The five-headed hydra bites you but does no damage.
The five-headed hydra bites you.
* * * LOW HITPOINT WARNING * * *
The five-headed hydra closely misses you.
The five-headed hydra bites you!
* * * LOW HITPOINT WARNING * * *
The five-headed hydra bites you.
You die...

...#...............(....#...####
...#.........##....##...#......#
...#.........########...#......##
...'.)..........................#
...#............<..........._.#.#
#..###...######(######..........#
#..############((####.....⌠.....#
....#...........D>(............##
................@......._.....##
....#............##...........#
.(..#########....##'#####...###
#'####.....##....##.........#
#.(.##......................#
#...#............##....####+#
#...##.....##....##.....#...#
#...#########...............#
#......................8....#


You could see a five-headed hydra.

Vanquished Creatures
  Erica (D:8)
  2 two-headed ogres
  A dancing weapon (Volcano)
  2 tengu warriors (D:11)
  5 wizards (Volcano)
  A deep elf mage (D:10)
  5 toenail golems (Volcano)
  3 black mambas (Lair:1)
  Maurice (D:8)
  Psyche (D:8)
  A gargoyle (D:10)
  2 spiny frogs (Lair:1)
  A komodo dragon (D:11)
  2 trolls
  Grinder (D:6)
  3 hippogriffs
  A spriggan (D:8)
  2 wyverns
  5 hungry ghosts
  2 water moccasins
  2 porcupines (Lair:1)
  3 orc warriors
  2 sky beasts
  2 black bears
  An eye of draining (D:11)
  3 ogres
  3 phantoms
  4 wolves (Lair:1)
  9 centaurs
  3 crocodiles
  3 big kobolds
  6 bullfrogs
  A wyvern skeleton (D:8)
  3 scorpions
  3 crimson imps
  3 hounds
  2 quasits (D:11)
  A jelly (D:10)
  2 orc priests
  3 bullfrog skeletons
  A gnoll shaman (D:10)
  4 orc wizards
  2 iguanas
  5 worker ants
  A killer bee zombie (D:6)
  8 ogre zombies (D:9)
  A hound skeleton (D:7)
  7 gnolls
  14 adders
  2 shadow imps
  3 oozes
  An adder skeleton (D:8)
  3 worms
  2 dart slugs
  6 leopard geckos
  19 orcs
  2 ball pythons
  7 giant cockroaches
  5 goblins
  10 hobgoblins
  5 jackals
  4 quokkas
  9 bats
  7 frilled lizards
  2 goblin skeletons (D:9)
  A goblin zombie (D:9)
  2 hobgoblin skeletons (D:9)
  A hobgoblin zombie (D:9)
  16 kobolds
  3 orc skeletons (D:9)
  15 orc zombies (D:9)
  8 rats
277 creatures vanquished.

Vanquished Creatures (others)
  4 fungi
  A plant (Lair:1)
5 creatures vanquished.

Grand Total: 282 creatures vanquished

Notes
Turn   | Place    | Note
-------+----------+-------------------------------------------
     0 | Abyss:1  | rgaf the Formicid Abyssal Knight began the quest for the Orb.
     0 | Abyss:1  | Reached XP level 1. HP: 18/18 MP: 2/2
    63 | D:1      | Escaped the Abyss
   274 | D:1      | Reached XP level 2. HP: 24/24 MP: 3/3
   596 | D:1      | Reached skill level 3 in Invocations
   596 | D:1      | Reached XP level 3. HP: 14/29 MP: 5/5
   949 | D:1      | Reached ** piety under Lugonu
  1596 | D:2      | Reached XP level 4. HP: 35/35 MP: 6/6
  2227 | D:2      | Found a sacrificial altar of Ru.
  2688 | D:2      | Found an ornate altar of the Wu Jian Council.
  2806 | D:3      | Reached XP level 5. HP: 32/41 MP: 7/7
  3006 | D:3      | Reached skill level 4 in Invocations
  3312 | D:3      | Found a runed door.
  3312 | D:3      | Noticed Smoke131's ghost (amateur DrCj)
  3485 | D:3      | Reached *** piety under Lugonu
  3487 | D:3      | Found a deep blue altar of Sif Muna.
  4076 | D:3      | Reached XP level 6. HP: 18/47 MP: 9/9
  5026 | D:4      | You fall through a shaft for 3 floors!
  5324 | D:6      | Noticed an ogre
  5336 | D:6      | Killed an ogre
  5336 | D:6      | Reached skill level 5 in Invocations
  5336 | D:6      | Reached XP level 7. HP: 52/52 MP: 10/10
  5390 | D:6      | Found an opulent altar of Gozag.
  5397 | D:5      | Entered Level 5 of the Dungeon
  5499 | D:4      | Reached skill level 5 in Armour
  5738 | D:5      | Found Vysup's Magic Scroll Boutique.
  5810 | D:5      | Found a staircase to the Ecumenical Temple.
  6712 | D:6      | Reached skill level 5 in Maces & Flails
  6712 | D:6      | Reached skill level 6 in Invocations
  6712 | D:6      | Reached XP level 8. HP: 45/58 MP: 12/12
  6791 | D:6      | Found a stormy altar of Qazlal.
  6792 | D:6      | Noticed a water elemental
  6793 | D:6      | Noticed a fire elemental
  6794 | D:6      | Noticed an air elemental
  7209 | D:6      | Noticed Grinder
  7267 | D:6      | Killed Grinder
  7267 | D:6      | Reached skill level 7 in Invocations
  7617 | D:6      | Reached XP level 9. HP: 51/64 MP: 14/14
  7990 | D:6      | Found a snail-covered altar of Cheibriados.
  8180 | D:7      | Found a bloodstained altar of Trog.
  8188 | D:7      | Found an ancient bone altar of Kikubaaqudgha.
  8373 | D:7      | Found a glowing golden altar of the Shining One.
  8710 | D:7      | Found a shattered altar of Ashenzari.
  8921 | D:8      | Reached skill level 8 in Invocations
  9153 | D:8      | Reached **** piety under Lugonu
  9449 | D:8      | Noticed Psyche
  9477 | D:8      | Killed Psyche
  9477 | D:8      | Reached skill level 9 in Invocations
  9750 | D:8      | Noticed Erica
  9753 | D:8      | Gained mutation: Scrolls take you a little longer to read. [potion of mutation]
  9753 | D:8      | Gained mutation: You are partially covered in rugged brown scales. (AC +1, +3% HP) [potion of mutation]
  9753 | D:8      | Gained mutation: Your muscles are strong. (Str +2) [potion of mutation]
  9763 | D:8      | Killed Erica
  9763 | D:8      | Reached XP level 10. HP: 54/72 MP: 15/17
  9800 | D:8      | Noticed Maurice
 10071 | D:8      | Noticed a centaur warrior
 10275 | D:8      | Reached skill level 10 in Invocations
 11193 | D:8      | Killed Maurice
 11559 | D:9      | Noticed a two-headed ogre
 11616 | D:9      | Found a basalt altar of Yredelemnul.
 11616 | D:9      | Found a shadowy altar of Dithmenos.
 11971 | D:9      | Found Orefoal's Weapon Boutique.
 11981 | D:9      | Bought a +0 great mace for 84 gold pieces
 12002 | D:9      | Noticed a two-headed ogre
 12060 | D:9      | Found a staircase to the Lair.
 12482 | D:10     | Entered Level 10 of the Dungeon
 12505 | D:10     | Found Jiukab's General Store.
 12943 | D:10     | Reached skill level 10 in Armour
 13037 | D:10     | Noticed a gargoyle
 13051 | D:10     | Killed a gargoyle
 13051 | D:10     | Reached XP level 11. HP: 77/77 MP: 19/19
 13083 | D:10     | Reached skill level 11 in Invocations
 13298 | D:10     | Found a white marble altar of Elyvilon.
 13375 | D:10     | Noticed a deep elf mage
 13833 | D:11     | Reached ***** piety under Lugonu
 13958 | D:11     | Got a warped chain mail
 13971 | D:11     | Identified the +2 chain mail of Dim Light {+Inv rPois Int-2 Dex+7} (You found it on level 11 of the Dungeon)
 14513 | D:11     | Noticed a tengu warrior
 14513 | D:11     | Noticed a tengu warrior
 14538 | D:11     | Killed a tengu warrior
 14538 | D:11     | Reached skill level 10 in Maces & Flails
 14973 | D:9      | Found a staircase to the Orcish Mines.
 15265 | D:8      | Killed a two-headed ogre
 15265 | D:8      | Reached skill level 12 in Invocations
 15394 | D:9      | Found an iron altar of Okawaru.
 15460 | D:9      | Found a glowing silver altar of Zin.
 15981 | D:10     | Killed a deep elf mage
 16569 | D:11     | Killed a tengu warrior
 16847 | Lair:1   | Entered Level 1 of the Lair of Beasts
 16877 | Lair:1   | Found a dark tunnel.
 17013 | Lair:1   | Reached XP level 12. HP: 59/83 MP: 17/21
 17137 | Volcano  | Entered a volcano
 17183 | Volcano  | Noticed a wizard
 17187 | Volcano  | Killed a wizard
 17215 | Volcano  | Noticed a wizard
 17218 | Volcano  | Killed a wizard
 17255 | Volcano  | Noticed a mace of flaming
 17291 | Volcano  | Killed a mace of flaming
 17300 | Volcano  | Reached skill level 13 in Invocations
 17515 | Volcano  | Noticed a wizard
 17531 | Volcano  | Killed a wizard
 17535 | Volcano  | Noticed a wizard
 17538 | Volcano  | Killed a wizard
 18125 | Lair:1   | Noticed a five-headed hydra
 18170 | Lair:1   | You fall through a shaft!
 19305 | Lair:1   | Reached skill level 1 in Dodging
 19620 | D:9      | Killed a two-headed ogre
 19719 | D:9      | HP: 1/85 [five-headed hydra (6)]
 19719 | D:9      | Slain by a five-headed hydra

Vault maps used:
D:1:      zaba_arrival_water, serial_bayou_pond_c, st_stairs_6
D:2:      nicolae_overflow_crystal_walls, old_standard_altar,
          minmay_misc_feat_rows
D:3:      gammafunk_ghost_grave, minmay_misc_feat_more_columns, led_sif_pool
D:4:      minmay_misc_feat_room, kennysheep_decorative_pillar
D:5:      minmay_temple_entry_trees, serial_shops, nicolae_shop_trees,
          first_ration, supply_closet_lemuel
D:6:      lemuel_round_altar, nicolae_gozag_seed_capital,
          nicolae_qazlal_style_of_elements, uniq_grinder
D:7:      kennysheep_mini, cheibrodos_ashenzari_chains, tso_oasis_becter,
          lemuel_round_altar
D:8:      the_bakery, st_stairs_7, minivault_12, uniq_erica, uniq_psyche,
          uniq_maurice
D:9:      lemuel_crystal_altar, lemuel_doored_altar, grunt_temple_overflow_open,
          lair_entry_dummy, zombieorc2_lemuel, serial_shops,
          nicolae_shop_statue_plus
D:10:     serial_shops, shop, basic_altar, grunt_tough_drop
D:11:     evilmike_butchery
Lair:1:   minmay_guarded_unrand_snakebite, portal_ice_cave_entry_pillars_1,
          nicolae_volcano_entry_lava_flow
Lair:2:   dummy_snake_entry, grunt_megastairs_2
Volcano:  volcano_bunker

Skill      XL: |  1  2  3  4  5  6  7  8  9 10 11 12 |
---------------+-------------------------------------+-----
Invocations    | 3 4 5 6 7 9 10 12 13 | 13.7
Armour         | 3 4 5 6 8 10 11 12 | 12.6
Maces & Flails | 3 4 5 6 8 9 10 11 | 11.7
Dodging        | 1 |  1.5
Fighting       | |  3.7

Action                   |  1- 3 |  4- 6 |  7- 9 | 10-12 || total
-------------------------+-------+-------+-------+-------++-------
Melee: Mace              |   126 |   213 |   294 |   170 ||   803
       Great mace        |       |       |       |   669 ||   669
Invok: Bend Space        |       |       |       |     1 ||     1
 Abil: Shaft Self        |       |     1 |       |     1 ||     2
       Dig               |       |       |     1 |     2 ||     3
       Evoke Invisibilit |       |       |       |     1 ||     1
Evoke: Wand              |       |     2 |     3 |     4 ||     9
  Use: Scroll            |     1 |     2 |       |    16 ||    19
       Potion            |       |       |     7 |    10 ||    17
 Stab: Paralysed         |       |       |       |     1 ||     1
  Eat: Chunk             |     2 |    13 |    11 |    19 ||    45
       Ration            |       |       |     3 |    10 ||    13
Armor: Leather armour    |    63 |    48 |       |       ||   111
       Chain mail        |       |    49 |   173 |   694 ||   916
       Skin              |       |       |       |    25 ||    25
Dodge: Dodged            |   107 |   113 |   102 |   443 ||   765

Table legend:
 A = Spawn XP
 B = Non-spawn XP
 C = Spawn XP percentage of total XP
 D = Spawn monster count
 E = Non-spawn monster count
 F = Spawn count percentage of total count
 G = Total turns spent on level
                    A         B        C        D         E        F      G
               +---------+---------+-------+---------+---------+-------+---------
         Total |       0 |   25932 |   0.0 |       0 |     277 |   0.0 | 19719
               +---------+---------+-------+---------+---------+-------+---------
           D:1 |       0 |      57 |   0.0 |       0 |      30 |   0.0 |  1359
           D:2 |       0 |      72 |   0.0 |       0 |      23 |   0.0 |  1368
           D:3 |       0 |     154 |   0.0 |       0 |      26 |   0.0 |  1520
           D:4 |       0 |     275 |   0.0 |       0 |      12 |   0.0 |   992
           D:5 |       0 |     213 |   0.0 |       0 |       5 |   0.0 |   954
           D:6 |       0 |    1197 |   0.0 |       0 |      16 |   0.0 |  1507
           D:7 |       0 |     393 |   0.0 |       0 |       7 |   0.0 |  1144
           D:8 |       0 |    5081 |   0.0 |       0 |      35 |   0.0 |  3802
           D:9 |       0 |    1728 |   0.0 |       0 |      45 |   0.0 |  1430
          D:10 |       0 |    2849 |   0.0 |       0 |      29 |   0.0 |  1695
          D:11 |       0 |    3746 |   0.0 |       0 |      22 |   0.0 |  1357
        Lair:1 |       0 |    3519 |   0.0 |       0 |      16 |   0.0 |  1357
       Volcano |       0 |    6648 |   0.0 |       0 |      11 |   0.0 |   915
               +---------+---------+-------+---------+---------+-------+---------
